 Dungeon Crawl Stone Soup version 0.27-a0-1202-ge72e49191c (webtiles) character file.

Game seed: 10610428568706860549

178 bande the Shield-Bearer (level 5, -5/33 HPs)
             Began as a Gargoyle Fighter on June 4, 2021.
             Slain by Sigmund
             ... wielding a +0 vampiric scythe
              (9 damage)
             ... on level 3 of the Dungeon.
             The game lasted 00:03:55 (2183 turns).

bande the Shield-Bearer (Gargoyle Fighter)          Turns: 2183, Time: 00:03:55

Health: -5/33      AC: 12    Str: 19    XL:     5   Next: 58%
Magic:  5/5        EV:  7    Int:  9    God:
Gold:   82         SH:  0    Dex: 10    Spells: 4/4 levels left

rFire    . . .     SeeInvis .   a - +0 war axe
rCold    . . .     Faith    .   c - +0 kite shield
rNeg     + . .     Spirit   .   b - +0 scale mail
rPois    ∞         Reflect  .   (no helmet)
rElec    +         Harm     .   f - +0 cloak
rCorr    .         Rampage  .   (no gloves)
Will     .....                  (no boots)
Stlth    ..........             (no amulet)
HPRegen  0.11/turn              (no ring)
MPRegen  0.09/turn              (no ring)

@: confused
A: sickness immunity, AC +4, negative energy resistance 1, electricity
resistance, torment resistance 1, petrification resistance
a: no special abilities


You were on level 3 of the Dungeon.
You visited 1 branch of the dungeon, and saw 3 of its levels.

You collected 82 gold pieces.

Inventory:

Hand Weapons
 a - a +0 war axe (weapon)
Armour
 b - a +0 scale mail (worn)
 c - a +0 kite shield (worn)
 f - a +0 cloak (worn)
Scrolls
 e - 3 scrolls of identify


   Skills:
 + Level 3.7 Fighting
 + Level 3.2 Axes
 + Level 4.2 Armour
 + Level 0.9 Dodging
 + Level 4.5 Shields


You had 4 spell levels left.
You didn't know any spells.
Your spell library contained the following spells:

 Spells                   Type           Power      Damage    Failure   Level
 Magic Dart               Conj           0%         1d3       99%         1
 Blink                    Tloc           N/A        N/A       100%        2
 Call Imp                 Summ           0%         N/A       100%        2
 Searing Ray              Conj           0%         3d3       100%        2
 Slow                     Hex            0%         N/A       100%        2
 Conjure Flame            Conj/Fire      0%         6-21      100%        3
 Dazzling Flash           Conj/Hex       0%         N/A       100%        3
 Mephitic Cloud           Conj/Pois/Air  0%         N/A       100%        3
 Fulminant Prism          Conj/Hex       0%         3d6       100%        4
 Iskenderun's Mystic Bla  Conj/Tloc      0%         2d3       100%        4


Dungeon Overview and Level Annotations

Branches:
Dungeon (3/15)

Altars:

Annotations:
D:3 Sigmund


Innate Abilities, Weirdness & Mutations

You are immune to sickness and miasma.
Your stone body is resilient. (AC +4)
You are immune to poison.
You resist negative energy. (rN+)
You are resistant to electric shocks. (rElec)
You are resistant to unholy torment.
You are immune to petrification.


Message History

You closely miss the kobold. You block the kobold's attack. Something hits you.
You hit the kobold.
The kobold is moderately wounded.
The kobold misses you. You block something's attack.
The kobold barely misses you.
You hit the kobold but do no damage.
The kobold is moderately wounded.
You hear some strange, mumbled words.
A puff of flame appears from out of thin air!
The puff of flame hits you.
The kobold hits you with a +0 short sword.
Something hits you.
You barely miss the kobold.
The kobold is moderately wounded.
The kobold hits you with a +0 short sword.
Something hits you. The kobold barely misses you.
It was a potion of cancellation.
You feel magically purged. Something completely misses you.
The kobold barely misses you.
Your shield prevents you from hitting the kobold.
The kobold is moderately wounded.
Something hits you but does no damage.
The kobold hits you with a +0 short sword.
Something hits you.
You hit the kobold.
You kill the kobold!
Something hits you.
* * * LOW HITPOINT WARNING * * *
Things that are here:
a +0 short sword; 2 poisoned darts You block something's attack.
Your shield and scale mail prevent you from hitting something.
Something hits you but does no damage. x2
You miss something.
You hear some strange, mumbled words.
You are confused.
Something hits you but does no damage.
You bump into the rock wall.
Something hits you.
* * * LOW HITPOINT WARNING * * *
You bump into the rock wall.
Something hits you!
You die...

........ ....##.# .#
.†.########+# .#
....##. ...### ###.#
....##.# #..#.. ....
....##.###..#.# #..
............#.# #.#
..#.##.###..#.####.#
...............)@{.#
#.#.##..##.##.####.#
#.#.##..##.....# #.#
.....#..##.....# #.#
#.......##.###.# #.#
#######.##.###.# #.#
#.##.....# ###
##########


There were no monsters in sight!

Vanquished Creatures
  A black bear (D:2)
  4 adders
  2 worms (D:2)
  2 dart slugs (D:2)
  2 endoplasms
  2 giant cockroaches (D:1)
  2 goblins
  3 hobgoblins
  4 jackals (D:1)
  11 kobolds
  3 quokkas
  4 ball pythons
  2 frilled lizards
  3 rats
45 creatures vanquished.

Notes
Turn   | Place    | Note
-------+----------+-------------------------------------------
     0 | D:1      | bande the Gargoyle Fighter began the quest for the Orb.
     0 | D:1      | Reached XP level 1. HP: 14/14 MP: 1/1
   257 | D:1      | Reached XP level 2. HP: 16/19 MP: 2/2
   656 | D:1      | Reached XP level 3. HP: 23/23 MP: 3/3
  1090 | D:2      | Found a faded altar of an unknown god.
  1366 | D:2      | Reached XP level 4. HP: 4/28 MP: 4/4
  1765 | D:2      | Noticed a black bear
  1769 | D:2      | Killed a black bear
  1770 | D:2      | Reached XP level 5. HP: 31/33 MP: 5/5
  2167 | D:3      | Noticed Sigmund
  2183 | D:3      | Slain by Sigmund

Illustrated notes

Levels and vault maps discovered:
D:1:      dpeg_arrival_leaves_temple_mockup, layout_basic, minmay_domino_4
D:2:      layout_basic, basic_ecumenical_altar
D:3:      layout_basic, portal_sewer_entry_a, uniq_sigmund

Skill      XL: |  1  2  3  4 |
---------------+-------------+-----
Axes           | 2 3 |  3.2
Armour         | 4 |  4.2
Shields        | 4 |  4.5
Fighting       | |  3.7
Dodging        | |  0.9

Action                   |  1- 3 |  4- 6 || total
-------------------------+-------+-------++-------
Melee: War axe           |   134 |    42 ||   176
  Use: Scroll            |     1 |     3 ||     4
       Potion            |     1 |     1 ||     2
Armor: Scale mail        |    87 |    21 ||   108
Dodge: Dodged            |    52 |    16 ||    68
Block: Kite shield       |    93 |    27 ||   120

Table legend: (Time is in decaauts)
 A = Elapsed time spent in this place.
 B = Non-inter-level travel time spent in this place.
 C = Inter-level travel time spent in this place.
 D = Time resting spent in this place.
 E = Time spent auto-exploring this place.
 F = Levels seen in this place.
 G = Mean time per level.
                   A        B        C        D        E       F      G
               +--------+--------+--------+--------+--------+-----+--------+
         Total |   2291 |   2291 |      0 |    325 |   1410 |   3 |  763.7 |
       Dungeon |   2291 |   2291 |      0 |    325 |   1410 |   3 |  763.7 |
               +--------+--------+--------+--------+--------+-----+--------+

Top non-repeatable levels by time:
     D:2: 1153 daAuts
     D:1: 1019 daAuts
     D:3: 118 daAuts
